 Dungeon Crawl Stone Soup version 0.21.1-1-g345015f (webtiles) character file.

24 letownia2 the Conjurer (level 3, 0/19 HPs)
             Began as a Gargoyle Wizard on Feb 13, 2018.
             Killed by nerve-wracking pain
             ... invoked by Jessica
              (4 damage)
             ... on level 2 of the Dungeon.
             The game lasted 00:02:06 (324 turns).

letownia2 the Conjurer (Gargoyle Wizard)             Turns: 324, Time: 00:02:06

Health: 0/19       AC:  7    Str:  9 (10) XL:     3   Next: 2%
Magic:  0/7        EV: 12    Int: 21      God:
Gold:   24         SH:  0    Dex:  8      Spells: 7/8 levels left

rFire    + . .     SeeInvis .   g - +0 dagger
rCold    + . .     Gourm    .   (no shield)
rNeg     + . .     Faith    .   a - +0 robe
rPois    ∞         Spirit   .   b - +0 hat
rElec    +         Reflect  .   (no cloak)
rCorr    +         Harm     .   (no gloves)
MR       .....                  (no boots)
Stlth    ++........             (no amulet)
HPRegen  0.06/turn              (no ring)
MPRegen  0.10/turn              (no ring)

@: resistant
A: big wings, iridescent scales 1, clever 1, deterioration 2, negative energy
resistance 1, electricity resistance, unbreathing, petrification resistance, rot
immunity, AC +3
a: Fly


You were on level 2 of the Dungeon.
You were not hungry.

You visited 1 branch of the dungeon, and saw 2 of its levels.

You collected 24 gold pieces.

Inventory:

Hand Weapons
 g - a +0 dagger (weapon)
Armour
 a - a +0 robe (worn)
 b - a +0 hat (worn)
Scrolls
 f - a scroll of identify {unknown}
Books
 c - a book of Minor Magic

   Spells                             Type                      Level
   a - Magic Dart                     Conjuration                  1
   b - Blink                          Translocation                2
   c - Call Imp                       Summoning                    2
   d - Slow                           Hexes                        2
   e - Conjure Flame                  Conjuration/Fire             3
   f - Mephitic Cloud                 Conjuration/Poison/Air       3
Comestibles
 d - 4 rations
 j - a chunk of flesh


   Skills:
 - Level 1.5 Dodging
 - Level 2.1 Stealth
 - Level 3.0 Spellcasting
 + Level 3.1 Conjurations
   Level 0.8 Summonings
   Level 0.8 Translocations


You had 7 spell levels left.
You knew the following spells:

 Your Spells              Type           Power        Failure   Level  Hunger
a - Magic Dart            Conj           ###.         3%          1    None


Dungeon Overview and Level Annotations

Branches:
Dungeon (2/15)

Altars:

Annotations:
D:2 Jessica


Innate Abilities, Weirdness & Mutations

You are resistant to torment.
Your stone body is resilient. (AC +3)
You are immune to poison.
You resist negative energy. (rN+)
You are resistant to electric shocks. (rElec)
You can survive without breathing.
You are immune to petrification.
You are immune to rotting.
Your large and strong wings let you fly indefinitely.
You are partially covered in iridescent scales. (AC +2)
Your mind is acute. (Int +2)
Your body often deteriorates upon taking damage.


Message History

Your experience leads to an increase in your attributes!
Your base attributes are Str 10, Int 18, Dex 8.
Increase (S)trength, (I)ntelligence, or (D)exterity?
You feel clever. Jessica closely misses you.
Unknown command.
It was a potion of resistance.
You feel protected. Jessica hits you.
* * * LOW HITPOINT WARNING * * *
You hit Jessica but do no damage.
Jessica says, "I'm really upset."
Jessica hits you but does no damage. x2
You hit Jessica but do no damage. Jessica closely misses you.
Unknown command.
You hit Jessica.
Jessica is moderately wounded.
Jessica points at you and mumbles some strange words.
Pain shoots through your body!
You die...

#.........#....
##...##..###.###
##....#.......#
###..#....#.....#
#...[....######..).
#......@## ##.#
#.......# <###.
#...[..)# #####......
#.....#)# ###h@@....#
#.....#.###...#####..#
#.....#..#..###
#.....##...##
.......#...##
#####.##.#.#
#....#.####
######....# #....#


You could see Jessica and a jackal.

Vanquished Creatures
  An adder (D:2)
  2 giant cockroaches (D:1)
  A hobgoblin (D:2)
  3 jackals (D:2)
  A bat (D:1)
  3 goblins
  A kobold (D:2)
  3 rats
15 creatures vanquished.

Notes
Turn   | Place    | Note
-------+----------+-------------------------------------------
     0 | D:1      | letownia2 the Gargoyle Wizard began the quest for the Orb.
     0 | D:1      | Reached XP level 1. HP: 10/10 MP: 4/4
   136 | D:1      | Reached XP level 2. HP: 7/15 MP: 1/6
   305 | D:2      | Noticed Jessica
   311 | D:2      | Gained mutation: Your body sometimes deteriorates upon taking damage. [potion of mutation]
   311 | D:2      | Gained mutation: Your mind is acute. (Int +2) [potion of mutation]
   311 | D:2      | Gained mutation: Your body often deteriorates upon taking damage. [potion of mutation]
   311 | D:2      | Gained mutation: You are resistant to hostile enchantments. (MR+) [potion of mutation]
   318 | D:2      | Lost mutation: You are resistant to hostile enchantments. (MR+) [potion of mutation]
   318 | D:2      | Gained mutation: Your large and strong wings let you fly indefinitely. [potion of mutation]
   318 | D:2      | Gained mutation: You are partially covered in iridescent scales. (AC +2) [potion of mutation]
   320 | D:2      | Reached XP level 3. HP: 4/19 MP: 0/7
   324 | D:2      | Killed from afar by Jessica

Skill      XL: |  1  2 |
---------------+-------+-----
Conjurations   | 2 3 |  3.1
Dodging        | |  1.5
Stealth        | |  2.1
Spellcasting   | |  3.0
Summonings     | |  0.8
Translocations | |  0.8

Action                   || total
-------------------------++-------
Melee: Dagger            ||    58
       Unarmed           ||     3
 Cast: Magic Dart        ||    27
  Use: Potion            ||     4
Armor: Robe              ||    21
Dodge: Dodged            ||    56
